 Dungeon Crawl Stone Soup version 0.30.0-29-ga12c61a403 (webtiles) character file.

Game seed: 11748898991952861908

84 Graphine the Sneak (level 4, -1/27 HPs)
             Began as a Kobold Brigand on June 17, 2023.
             Slain by an orc wizard
             ... wielding a +2 dagger of flaming
              (3 damage)
             ... on level 3 of the Dungeon.
             The game lasted 00:04:29 (1894 turns).

Graphine the Sneak (Kobold Brigand)                 Turns: 1894, Time: 00:04:30

Health: -1/27      AC:  4    Str:  8    XL:     4   Next: 72%
Magic:  4/4        EV: 15    Int: 12    God:
Gold:   105        SH:  0    Dex: 18    Spells: 3/3 levels left

rFire   . . .        a - +2 dagger
rCold   . . .        (no shield)
rNeg    . . .        b - +0 robe
rPois   .            (no helmet)
rElec   .            c - +0 cloak
rCorr   .            (no gloves)
SInv    .            g - +0 pair of boots
Will    .....        (no amulet)
Stlth   ++++         (no ring)
HPRegen 0.24/turn    (no ring)
MPRegen 0.09/turn

%: no passive effects
@: no status effects
A: small, no large weapons, nightstalker 3
a: no special abilities


You were on level 3 of the Dungeon.
You visited 1 branch of the dungeon, and saw 3 of its levels.

You collected 105 gold pieces.

Inventory:

Hand Weapons
 a - a +2 dagger (weapon)
Missiles
 d - 8 poisoned darts (quivered)
 e - 4 curare-tipped darts
 m - 2 boomerangs
Armour
 b - a +0 robe (worn)
 c - a +0 cloak (worn)
 g - a +0 pair of boots (worn)
Jewellery
 k - a ring of positive energy
Scrolls
 i - a scroll of enchant armour {unknown}
 n - a scroll of teleportation {unknown}
 o - a scroll of vulnerability {unknown}
Potions
 f - a potion of resistance
 h - 2 potions of lignification
 j - a potion of attraction {unknown}
 l - a potion of magic {unknown}
 p - a potion of heal wounds {unknown}
 q - a potion of curing {unknown}


   Skills:
 + Level 2.8 Fighting
 + Level 3.4 Short Blades
 + Level 2.7 Throwing
 + Level 2.3 Dodging
 * Level 6.3 Stealth


You had 3 spell levels left.
You didn't know any spells.
Your spell library was empty.

Dungeon Overview and Level Annotations

Branches:
Dungeon (3/15)

Altars:
Trog

Shops:
D:1 *


Innate Abilities, Weirdness & Mutations

You are small and have problems with some larger weapons.
You are completely attuned to the shadows.


Message History

Aim: an orc, wielding a +0 dagger (63% to hit)
You throw a poisoned dart. The poisoned dart hits the orc.
The orc is poisoned.
Something barely misses you.
Unknown command.
Throw: 10 darts (poison)
Press: ? - help, Q - select action, (/) - cycle Shift-Dir - straight line, f/p - orc
Aim: an orc, wielding a +0 dagger (poisoned, 63% to hit)
You throw a poisoned dart. The poisoned dart hits the orc!
The orc looks even sicker.
Something hits you but does no damage.
Throw: 9 darts (poison)
Press: ? - help, Q - select action, (/) - cycle Shift-Dir - straight line, f/p - orc
Aim: an orc, wielding a +0 dagger (lightly wounded, very poisoned, 63% to hit)
You throw a poisoned dart. The poisoned dart hits the orc.
The orc looks as sick as possible!
The orc is lightly wounded.
Something hits you. Something burns you.
Throw: 6 darts (curare)
Press: ? - help, Shift-Dir - straight line, p - orc You throw a curare-tipped dart.
The curare-tipped dart hits the orc.
The orc looks as sick as possible!
The orc convulses.
You kill the orc!
Something hits you.
* * * LOW HITPOINT WARNING * * *
Something burns you.
* * * LOW HITPOINT WARNING * * *
Okay, then.
Okay, then.
Throw: 5 darts (curare)
Press: ? - help, Shift-Dir - straight line, f - you Really target yourself? [Y]es or [N]o only, please.
Really target yourself?
Okay, then.
Throw: 5 darts (curare)
Press: ? - help, Shift-Dir - straight line You throw a curare-tipped dart.
Something hits you.
You die...

#.# #.# #.######.
###.##........ .
#...)...# #.. o.
#.#.##..# #.#
.(.#####.#.##..###.#
.(.({@.).#.##......#
...#######.##...##.#
.. #.##...##.# .
#...##.###
#........# ....#.#.#
........# #...#.#.#
#.......#


There were no monsters in sight!

Vanquished Creatures
  An adder (D:3)
  2 worms (D:2)
  A dart slug (D:1)
  2 orcs (D:3)
  9 ball pythons
  3 endoplasms
  4 giant cockroaches
  5 goblins
  A hobgoblin (D:1)
  14 jackals
  2 quokkas
  7 bats
  5 frilled lizards
  3 kobolds
  2 rats (D:1)
61 creatures vanquished.

Notes
Turn   | Place    | Note
-------+----------+-------------------------------------------
     0 | D:1      | Graphine the Kobold Brigand began the quest for the Orb.
     0 | D:1      | Reached XP level 1. HP: 12/12 MP: 1/1
    90 | D:1      | Reached XP level 2. HP: 18/18 MP: 2/2
   218 | D:1      | Found Qoic's Assorted Antiques.
   226 | D:1      | Reached XP level 3. HP: 17/22 MP: 3/3
   893 | D:2      | Reached skill level 6 in Stealth
   959 | D:2      | Reached XP level 4. HP: 27/27 MP: 4/4
  1702 | D:3      | Found a bloodstained altar of Trog.
  1752 | D:3      | Found a faded altar of an unknown god.
  1894 | D:3      | Slain by an orc wizard

Illustrated notes

Levels and vault maps discovered:
D:1:      minmay_arrival_shoal_huts, layout_basic, serial_shops,
          nicolae_shop_pleasant_corner_grove
D:2:      layout_basic
D:3:      layout_loops_ring, mainiacjoe_overflow_concentric_impassable,
          shapermc_ecumenical_altar_mp_urbaneastern, hangedman_decor_slide_cut,
          uniq_jessica

Skill      XL: |  1  2  3 |
---------------+----------+-----
Short Blades   | 3 |  3.4
Dodging        | 2 |  2.3
Stealth        | 6 |  6.3
Fighting       | |  2.8
Throwing       | |  2.7

Action                     |  1- 3 |  4- 6 || total
---------------------------+-------+-------++-------
  Melee: Dagger            |   114 |    72 ||   186
         Punch             |     1 |     2 ||     3
  Throw: Dart              |       |    11 ||    11
    Use: Scroll            |     3 |     2 ||     5
   Stab: Sleeping          |    15 |     6 ||    21
 Armour: Robe              |    25 |    19 ||    44
  Dodge: Dodged            |    62 |    51 ||   113
